 Dungeon Crawl Stone Soup version 0.15.0-14-g6bbbb5c (webtiles) character file.

37515 Fluffy the Protected (level 13, -3/122 HPs)
             Began as a Minotaur Fighter on Sept 4, 2014.
             Was an Elder of the Shining One.
             Slain by a sixfirhy (8 damage)
             ... summoned by a kobold demonologist
             ... on Level 13 of the Dungeon.
             The game lasted 01:41:47 (18764 turns).

Fluffy the Protected (Minotaur Fighter)            Turns: 18764, Time: 01:41:48

HP  -3/122       AC 18     Str 21      XL: 13   Next: 58%
MP  20/20        EV  8     Int  5      God: the Shining One [****..]
Gold 1161        SH 21     Dex 15      Spells:  0 memorised, 12 levels left

rFire  . . .     SeeInvis .     C - +2 flail (crush)
rCold  + . .     Clarity  .     I - +1 chain mail {MR+}
rNeg   + + .     rCorr    .     c - +0 shield
rPois  +         rRot     .     (helmet restricted)
rElec  .         Spirit   .     w - +0 cloak
SustAb .         Warding  .     (no gloves)
rMut   .         Stasis   +     i - +1 pair of boots
Gourm  .                        F - amulet "Rumm" {Stasis rC+ MR+ Slay+3}
MR     +++..                    t - ring of protection from magic
                                o - ring of poison resistance

@: divine shield, glowing, extremely resistant to hostile enchantments,
extremely unstealthy
A: retaliatory headbutt, horns 2
a: Divine Shield, Cleansing Flame, Renounce Religion


You were on level 13 of the Dungeon.
You worshipped the Shining One.
The Shining One was greatly pleased with you.
You were not hungry.

You visited 3 branches of the dungeon, and saw 19 of its levels.
You also visited: Labyrinth.

You collected 1787 gold pieces.
You spent 626 gold pieces at shops.

Inventory:

Hand weapons
 b - the +7 Singing Sword
   (You found it on level 4 of the Dungeon)
 C - a +2 flail of crushing (weapon)
 E - a +1 falchion of holy wrath
Missiles
 D - 18 tomahawks (quivered)
Armour
 c - a +0 shield (worn)
 i - a +1 pair of boots (worn)
 w - a +0 cloak (worn)
 I - a +1 chain mail of magic resistance (worn)
 Q - a +2 ring mail of fire resistance
Magical devices
 e - a wand of digging (1)
 r - a wand of disintegration (8)
 u - a wand of slowing (13)
 z - a wand of fireball (1)
 B - a wand of slowing (14)
 H - a wand of frost (9)
Comestibles
 d - 12 bread rations
 g - a meat ration
 j - a royal jelly
 n - 5 beef jerkies
 J - 6 rotting chunks of centaur flesh
 K - a chunk of hell hound flesh
Scrolls
 k - 3 scrolls of fear
 m - 2 scrolls of enchant weapon
 q - a scroll of remove curse
 s - 4 scrolls of magic mapping
 y - a scroll of fog
 A - a scroll of blinking
 G - a scroll of teleportation
Jewellery
 o - a ring of poison resistance (left hand)
 p - an uncursed amulet of warding
 t - a ring of protection from magic (right hand)
 F - the amulet "Rumm" (around neck) {Stasis rC+ MR+ Slay+3}
   (You bought it in a shop on level 9 of the Dungeon)

   [amulet of stasis]

   It prevents you from being teleported, slowed, hasted or paralysed.
   It affects your accuracy and damage with ranged weapons and melee attacks
   (+3).
   It protects you from cold.
   It affects your resistance to hostile enchantments.
Potions
 a - a potion of invisibility {unknown}
 f - 4 potions of curing
 h - 2 potions of restore abilities
 l - 2 potions of magic
 v - 2 potions of poison {unknown}
 x - 2 potions of resistance


   Skills:
 + Level 13.5 Fighting
 + Level 13.6 Long Blades
 + Level 13.7 Armour
 - Level 13.4 Shields
 + Level 7.0 Invocations


You had 12 spell levels left.
You didn't know any spells.

Dungeon Overview and Level Annotations

Branches:
Dungeon (14/15)            Temple (1/1) D:6             Orc (4/4) D:10
    Elf (0/3) Orc:4          Lair (0/8) D:9
 Vaults: D:13-14

Altars:
Ashenzari
Dithmenos
Elyvilon
Fedhas
Makhleb
Nemelex Xobeh
Okawaru
Qazlal
Sif Muna
Xom
Yredelemnul
Zin
The Shining One

Shops:
D:9 =[!   D:10 *}*!*   Orc:2 =   Orc:4 %%%[


Innate Abilities, Weirdness & Mutations

You reflexively headbutt those who attack you in melee.
You have a pair of horns on your head.


Message History

You block the ufetubus' attack.
The ufetubus hits you but does no damage.
The ice devil barely misses you. You block the ufetubus' attack. x2
The ufetubus barely misses you. You block the ufetubus' attack.
The ufetubus hits you but does no damage.
The ufetubus closely misses you. You block the red devil's attack.
You block the sixfirhy's attack. The sixfirhy hits you!
* * * LOW HITPOINT WARNING * * *
The sixfirhy shocks you!
* * * LOW HITPOINT WARNING * * *
The kobold demonologist becomes somewhat translucent.
You block the sixfirhy's attack. The ufetubus barely misses you.
The ufetubus hits you but does no damage.
Drink which item? (? for menu, Esc to quit)
Okay, then.
You block the sixfirhy's attack. The sixfirhy hits you.
* * * LOW HITPOINT WARNING * * *
The sixfirhy shocks you!
You die...

#............####5...............
.)#............##................
..#..............5...............
..##...........K.K.K............#
..##.....(.....D54............###
...##..........3KK4...........#
#..##......(...5.554.......#..#
##..............4K........#...#
##.........(...@........##...###
#..###.......................#.
#..# ##........................
##.## ##...............#.......
##..## ##..............#...##..
#....# ###................##..
.....## ##...............###.
..##..## #..............## ##
#####..## ####.............# #


You could see a six-headed hydra, an ice devil, a hellwing, 3 kobold
demonologists, 2 sixfirhies, a red devil, 2 iron imps, a crimson imp, a white
imp, 2 ufetubi and 3 kobolds.

Vanquished Creatures
  A minotaur (Lab)
  Josephine (Orc:2)
  2 hydras
  Nessos (Orc:4)
  2 centaur warriors (D:13)
  2 tengu warriors (D:13)
  An orc high priest (Orc:4)
  2 unseen horrors
  4 hill giants
  5 orc sorcerers (Orc:4)
  An orc knight (D:10)
  5 ugly things
  4 cyclopes
  A kobold demonologist (D:13)
  A komodo dragon (D:10)
  A troll (shapeshifter) (D:12)
  3 deep elf magi
  2 trolls (D:12)
  A raiju (shapeshifter) (D:14)
  6 slime creatures (D:13)
  2 ravens (D:13)
  A hydra skeleton (D:13)
  The ghost of Casul the Magician, an average OpWz (D:4)
  A shadow (Lab)
  A spriggan (D:7)
  3 fire bats (Orc:2)
  3 wyverns
  2 hungry ghosts
  10 yaks
  A human (D:3)
  3 hippogriffs
  A hill giant skeleton (D:10)
  6 wargs
  A hell hound (D:14)
  A necrophage (D:10)
  13 sky beasts
  A yellow wasp (D:9)
  3 ice beasts
  12 ogres
  2 black bears
  28 orc warriors
  2 phantoms
  19 centaurs
  2 crocodiles
  Sigmund (D:2)
  A gnoll sergeant (D:11)
  2 big kobolds
  5 giant frogs
  A yaktaur skeleton (D:12)
  The ghost of anything the Vandal, an average NaHu (D:3)
  6 scorpions
  A cyclops skeleton (D:11)
  8 killer bees
  A hippogriff zombie (D:6)
  9 wights
  2 spriggan skeletons (Lab)
  4 goliath beetles
  5 crimson imps
  49 orc priests
  6 hounds
  A human zombie (D:3)
  A two-headed ogre zombie (D:8)
  54 orc wizards
  Crazy Yiuf (D:7)
  A soldier ant zombie (D:12)
  5 jellies
  A giant frog skeleton (D:8)
  Natasha (twice) (D:5 D:4)
  A human skeleton (D:3)
  3 worker ants
  6 iguanas
  A crocodile zombie (D:10)
  An ogre zombie (Orc:4)
  A hound zombie (D:9)
  A mottled dragon zombie (D:13)
  A mummy (D:11)
  An ogre simulacrum (Orc:2)
  13 adders
  19 gnolls
  3 shadow imps
  5 giant mites
  2 worms (D:2)
  7 orc zombies
  7 giant geckos
  214 orcs
  A bat zombie (D:7)
  4 giant cockroaches
  9 goblins
  8 hobgoblins
  10 jackals
  24 kobolds
  6 quokkas
  13 bats
  A giant cockroach zombie (D:6)
  A giant gecko skeleton (D:6)
  2 giant newts
  A giant spore (D:12)
  A goblin simulacrum (Orc:2)
  A hobgoblin zombie (D:6)
  A jackal zombie (D:5)
  A kobold zombie (D:5)
  5 orc skeletons
  12 rats
  A ballistomycete (D:12)
  A fungus (D:4)
722 creatures vanquished.

Vanquished Creatures (others)
  A worker ant (D:14)
1 creature vanquished.

Grand Total: 723 creatures vanquished

Notes
Turn   | Place    | Note
--------------------------------------------------------------
     0 | D:1      | Fluffy, the Minotaur Fighter, began the quest for the Orb.
     0 | D:1      | Reached XP level 1. HP: 19/19 MP: 1/1
   519 | D:2      | Found a burning altar of Makhleb.
   519 | D:2      | Noticed a balrug
   548 | D:2      | Reached skill level 4 in Fighting
   548 | D:2      | Reached XP level 2. HP: 12/27 MP: 1/1
   806 | D:2      | Reached XP level 3. HP: 20/33 MP: 2/2
   949 | D:2      | Noticed Sigmund
   959 | D:2      | Killed Sigmund
   959 | D:2      | Reached XP level 4. HP: 24/41 MP: 2/2
  1456 | D:3      | Noticed a human
  1470 | D:3      | Reached XP level 5. HP: 43/47 MP: 2/2
  1482 | D:3      | Found a basalt altar of Yredelemnul.
  1490 | D:3      | Reached skill level 5 in Fighting
  1551 | D:3      | Killed a human
  1551 | D:3      | Reached skill level 5 in Armour
  1551 | D:3      | Reached skill level 5 in Shields
  1551 | D:3      | Reached XP level 6. HP: 14/56 MP: 3/3
  1884 | D:3      | Noticed anything's ghost (average NaHu)
  1896 | D:3      | Killed anything's ghost
  1945 | D:3      | Found a burning altar of Makhleb.
  1946 | D:3      | Found a shimmering altar of Xom.
  2230 | D:4      | Noticed Casul's ghost (average OpWz)
  2269 | D:4      | Killed Casul's ghost
  2269 | D:4      | Reached skill level 6 in Fighting
  2269 | D:4      | Reached skill level 5 in Long Blades
  2269 | D:4      | Reached XP level 7. HP: 9/63 MP: 3/3
  3236 | D:5      | Entered Level 5 of the Dungeon
  3596 | D:4      | Reached XP level 8. HP: 35/71 MP: 3/3
  3794 | D:5      | Reached skill level 7 in Fighting
  3984 | D:5      | Noticed Natasha
  3997 | D:5      | Killed Natasha
  4032 | D:5      | Noticed Natasha
  4359 | D:4      | Killed Natasha
  4738 | D:6      | Reached skill level 8 in Fighting
  4738 | D:6      | Reached XP level 9. HP: 75/81 MP: 4/4
  4948 | D:6      | Found a sparkling altar of Nemelex Xobeh.
  5081 | D:6      | Found a stormy altar of Qazlal.
  5137 | D:6      | Found a staircase to the Ecumenical Temple.
  5180 | Temple   | Entered the Ecumenical Temple
  5196 | Temple   | Became a worshipper of the Shining One
  5402 | D:7      | Found a blossoming altar of Fedhas.
  5410 | D:7      | Found an iron altar of Okawaru.
  5546 | D:7      | Found a glowing silver altar of Zin.
  5547 | D:7      | Found a deep blue altar of Sif Muna.
  5625 | D:7      | Reached skill level 9 in Fighting
  5626 | D:7      | Found a blossoming altar of Fedhas.
  6087 | D:7      | Noticed Crazy Yiuf
  6091 | D:7      | Killed Crazy Yiuf
  6272 | D:8      | Reached XP level 10. HP: 80/91 MP: 4/4
  6342 | D:8      | Acquired the Shining One's first power
  7102 | D:8      | Reached skill level 10 in Armour
  7498 | D:8      | Reached skill level 10 in Fighting
  7575 | D:9      | Found Gaaxajif's Jewellery Shoppe.
  7645 | D:9      | Noticed a hill giant
  7657 | D:9      | Killed a hill giant
  7657 | D:9      | Reached skill level 10 in Long Blades
  7657 | D:9      | Reached skill level 10 in Shields
  7693 | D:9      | Found Nustri Lafo's Distillery.
  7742 | D:9      | Found a staircase to the Lair.
  7947 | D:9      | Found Qakhul Subu's Antique Armour Shoppe.
  7974 | D:9      | Found a shattered altar of Ashenzari.
  8298 | D:9      | Reached XP level 11. HP: 81/101 MP: 4/4
  8488 | D:10     | Entered Level 10 of the Dungeon
  8506 | D:10     | Found Ghet's Gadget Shoppe.
  8532 | D:10     | Found Ewuuc's General Store.
  8546 | D:10     | Found Sabla Taoze's Assorted Antiques.
  8611 | D:10     | Noticed an unseen horror
  8619 | D:10     | Killed an unseen horror
  8619 | D:10     | Reached skill level 11 in Armour
  8693 | D:10     | Found Nyary's Assorted Antiques.
  8758 | D:10     | Found Xec Wigo's Distillery.
  8761 | D:10     | Bought a potion of heal wounds for 30 gold pieces
  8779 | D:10     | Acquired the Shining One's second power
  9040 | D:10     | Found a staircase to the Orcish Mines.
  9045 | Orc:1    | Entered Level 1 of the Orcish Mines
 10428 | Orc:1    | Reached skill level 1 in Invocations
 10712 | Orc:2    | Noticed Josephine
 10787 | Orc:2    | Killed Josephine
 10838 | Orc:2    | Found Plog's Jewellery Boutique.
 12120 | Orc:4    | Entered Level 4 of the Orcish Mines
 12157 | Orc:4    | Found a burning altar of Makhleb.
 12285 | D:9      | Bought the amulet "Rumm" {Stasis rC+ MR+ Slay+3} for 596 gold pieces
 12754 | Orc:4    | Noticed Nessos
 12817 | Orc:4    | Killed Nessos
 12817 | Orc:4    | Reached skill level 12 in Armour
 12817 | Orc:4    | Reached XP level 12. HP: 62/112 MP: 12/12
 13102 | Orc:4    | Found a staircase to the Elven Halls.
 13410 | Orc:4    | Noticed an orc high priest
 13415 | Orc:4    | Killed an orc high priest
 13829 | Orc:4    | Acquired the Shining One's third power
 14145 | Orc:4    | Found Ter Teah's Food Shoppe.
 14145 | Orc:4    | Found Baydoj's Food Shoppe.
 14146 | Orc:4    | Found Pazaaleck's Food Emporium.
 14149 | Orc:4    | Found Khitism's Armour Emporium.
 15038 | D:11     | Noticed a four-headed hydra
 15048 | D:11     | Killed a four-headed hydra
 15163 | D:11     | Reached skill level 5 in Invocations
 15976 | D:12     | Reached skill level 13 in Armour
 16165 | D:12     | Reached XP level 13. HP: 29/119 MP: 14/17
 16179 | D:12     | HP: 5/119 [troll (6)]
 16254 | D:12     | Found a labyrinth entrance.
 16265 | Lab      | Entered a labyrinth
 16698 | Lab      | Got a bloodstained robe
 16748 | D:12     | Identified the cursed +1 robe "Qenet" {Str+4 Int+2} (You found it in a labyrinth)
 18763 | D:13     | HP: 5/122 [sixfirhy[a kobold demonologist] (8)]
 18764 | D:13     | Slain by a sixfirhy

Action                   |  1- 3 |  4- 6 |  7- 9 | 10-12 | 13-15 || total
-------------------------+-------+-------+-------+-------+-------++-------
Melee: Long sword        |    46 |    98 |    42 |       |       ||   186
       Bastard sword     |       |       |   331 |   938 |   180 ||  1449
       Flail             |       |       |       |     8 |     9 ||    17
Throw: Tomahawk          |       |       |       |     1 |       ||     1
Invok: Divine Shield     |       |       |       |     2 |     4 ||     6
Evoke: Wand              |       |       |       |     4 |     2 ||     6
  Use: Potion            |     1 |       |       |     1 |     1 ||     3
       Scroll            |       |    10 |     3 |     5 |     3 ||    21
  Eat: Chunk             |       |     4 |    12 |    33 |     7 ||    56
       Pizza             |       |       |     1 |       |     1 ||     2
